Cogmind - Beta 16 --- EXPLORER MODE // 2025.12.04 @ 09:16:06 Player: K.K.Y. Result: Destroyed by DE-CMJ(R) with Subdweller Beam Cannon Performance ------------- Evolutions (0) 0 Regions Visited (3) 600 Robots Destroyed (57) 285 Value Destroyed (901) 901 Prototype IDs (12) 240 Alien Tech Used (0) 0 Bonus (37) 37 TOTAL SCORE: 2063 Bonus ------- Follower Combat Kills 37 Cogmind --------- Core Integrity 0/250 Matter 249/300 Energy 265/265 System Corruption 0% Temperature Cool (9) Movement Treading (160) Location -10/Subcaves Parts ------- > --- POWER (1) -------- Improved Ion Engine > --- PROPULSION (2) --- Spiked Treads > --- UTILITY (3) ------ Improved Terrain Scanner Terrain Scan Processor Terrain Scan Processor > --- WEAPON (2) ------- Barrage Gun > --- INVENTORY (5) ---- Huge Storage Unit Tower Shield Datajack Mining Laser Peak State ------------ > --- POWER ------------ Light Nuclear Core > --- PROPULSION ------- Light Treads Light Treads > --- UTILITY ---------- Improved Terrain Scanner Terrain Scan Processor Terrain Scan Processor > --- WEAPON ----------- Beam Cannon Slug Cannon > --- INVENTORY -------- Huge Storage Unit Tower Shield Datajack Mining Laser [Rating: 19] Favorites ----------- Power Light Nuclear Core Engine Light Ion Engine Power Core Light Nuclear Core Propulsion Light Treads Treads Light Treads Utility Terrain Scan Processor Device Improved Terrain Scanner Processor Terrain Scan Processor Weapon Beam Cannon Energy Gun Subdweller Laser Energy Cannon Beam Cannon Ballistic Gun Barrage Gun Ballistic Cannon Slug Cannon Build | -11 -10 -10 -10 ------- Run | Yrd Mat Min Sub Slots Evolved 1 | . 1 . . Power . | . . . . Propulsion . | . . . . Utility 1 | . 1 . . Weapon . | . . . . Parts Attached 25 | 6 10 1 8 Power 5 | 1 . 1 3 Engine 3 | 1 . . 2 Core 2 | . . 1 1 Reactor . | . . . . Propulsion 7 | 2 4 . 1 Treads 7 | 2 4 . 1 Leg . | . . . . Wheel . | . . . . Hover . | . . . . Flight . | . . . . Utility 5 | 1 4 . . Device 2 | . 2 . . Storage . | . . . . Processor 3 | 1 2 . . Hackware . | . . . . Protection . | . . . . Artifact . | . . . . Weapon 8 | 2 2 . 4 Energy Gun 3 | 2 . . 1 Energy Cannon 1 | . 1 . . Ballistic Gun 2 | . . . 2 Ballistic Cannon 2 | . 1 . 1 Launcher . | . . . . Special Weapon . | . . . . Impact Weapon . | . . . . Slashing Weapon . | . . . . Piercing Weapon . | . . . . Special Melee Weapon . | . . . . Unidentified Prototypes . | . . . . Parts Lost 7 | . . . 7 Power 2 | . . . 2 Propulsion 2 | . . . 2 Utility . | . . . . Weapon 3 | . . . 3 Highest Loss Streak 4 | . . . 4 To Critical Strikes 1 | . . . 1 Average Backups 4 | 1 4 5 4 Power . | . . . . Propulsion . | . . . . Utility 2 | 1 2 3 2 Weapon . | . 1 1 1 Tool/Special . | . . . . Unused Backups 8 | . 1 . 7 Power . | . . . . Propulsion . | . . . . Utility 4 | . . . 4 Weapon 2 | . . . 2 Tool/Special 2 | . 1 . 1 Average Slot Usage (%) 90 | . 85 100 89 Engine 4 | . 11 4 2 Core 6 | . . 7 8 Treads 19 | . 24 25 15 Device 11 | . 7 12 12 Processor 23 | . 15 25 25 Energy Gun 3 | . 9 . 3 Energy Cannon 9 | . 9 12 8 Ballistic Gun 2 | . . . 3 Ballistic Cannon 8 | . 5 12 8 Peak Build Rating 19 | 6 12 14 19 Average Rating 14 | 4 9 13 17 On Entrance 7 | . 5 12 14 Avg Prop Armor Cover (%) . | . . . . Naked Turns . | . . . . Heaviest Build 16 | 6 10 12 16 Greatest Support 40 | 40 40 40 40 Greatest Overweight (x) 4 | . 2 . 4 Average Overweight (x) . | . . . 1 Largest Inventory Capacity 5 | 5 5 5 5 Average Capacity 5 | 5 5 5 5 Most Carried 5 | 5 5 5 5 Average Carried 4 | 1 4 5 4 Final Capacity 5 | 5 5 5 5 Final Carried 5 | 3 5 5 5 Class Distribution -------------------- 96% | Hacker-Mutant 3% | Scavenger-Mutant Dominant Class ---------------- Hacker-Mutant | -10/Materials Hacker-Mutant | -10/Mines Hacker-Mutant | -10/Subcaves Resources | -11 -10 -10 -10 ----------- Run | Yrd Mat Min Sub Matter Collected 973 | 260 244 38 431 Remotely . | . . . . Salvage Created 1350 | 207 677 81 385 Parts 128 | 15 65 10 38 Haulers Intercepted 2 | . 2 . . Recyclers Shooed 2 | 1 1 . . Parts Field Recycled . | . . . . Retrieved Matter . | . . . . Parts Self-Destructed . | . . . . Prevented . | . . . . Parts Restored . | . . . . Kills | -11 -10 -10 -10 ------- Run | Yrd Mat Min Sub Combat Hostiles Destroyed 31 | . 8 7 16 Guns 6 | . 3 . 3 Cannons 25 | . 5 7 13 Classes Destroyed 11 | 3 5 . 3 Worker 6 | 2 4 . . Builder 4 | . 4 . . Tunneler 8 | 5 3 . . Hauler 2 | . 2 . . Recycler 3 | 1 2 . . Watcher 3 | . 3 . . Swarmer 17 | . 7 7 3 Grunt 1 | . 1 . . Sentry 1 | . . . 1 Artisan 1 | . . . 1 Subdweller 12 | . . . 12 Best Kill Streak 7 | 7 6 2 3 Combat Bots Only 3 | . 2 2 3 Max Kills in Single Turn 2 | 2 1 1 1 Gunslinging . | . . . . Exploded . | . . . . Melee . | . . . . Uniques/NPCs Destroyed . | . . . . Combat | -11 -10 -10 -10 -------- Run | Yrd Mat Min Sub Hostile Shots Fired 168 | . 26 15 127 Missed 53 | . 5 4 44 Hits 115 | . 21 11 83 Projectile 115 | . 21 11 83 Critical Strikes 5 | . . . 5 Damage Taken 1112 | . 95 50 967 Core 257 | . 10 9 238 Absorbed by Shields . | . . . . Ignored by Resistances 689 | . 67 39 583 Core Remaining (%) 100 | 100 . . . Volleys Fired 148 | 12 46 9 81 Largest 2 | 2 2 2 2 Hottest 110 | 90 110 90 100 Shots Fired 288 | 24 92 18 154 Gun 94 | 24 35 . 35 Cannon 194 | . 57 18 119 Launcher . | . . . . Special . | . . . . Kinetic 106 | . 16 9 81 Thermal 182 | 24 76 9 73 Explosive . | . . . . Electromagnetic . | . . . . Robot Hit Streak 33 | 19 33 11 33 Robot Miss Streak 2 | . 2 1 1 Penetration Max . | . . . . Secondary Targets . | . . . . Shots Hit Robots 193 | 19 66 14 94 Core Hits 74 | 9 29 8 28 Critical Kills . | . . . . Critical Parts Destroyed . | . . . . Critical Strikes 8 | 1 2 . 5 Burn 2 | 1 1 . . Destroy 5 | . . . 5 Blast 1 | . 1 . . Melee Attacks . | . . . . Impact . | . . . . Slashing . | . . . . Piercing . | . . . . Sneak Attacks . | . . . . Combat Hostiles . | . . . . Follow-up Attacks . | . . . . Damage Inflicted 3457 | 239 966 265 1987 Guns 1100 | 239 352 . 509 Cannons 2343 | . 614 253 1476 Explosions . | . . . . Melee . | . . . . Ramming 14 | . . 12 2 Kinetic 1421 | . 138 110 1173 Thermal 2022 | 239 828 143 812 Explosive . | . . . . Electromagnetic . | . . . . Impact . | . . . . Slashing . | . . . . Piercing . | . . . . Highest Corruption . | . . . . Average Corruption . | . . . . Corruption Purged . | . . . . Corruption Blocked . | . . . . Overload Shots . | . . . . Overflow Damage 6 | . 6 . . Projectiles 6 | . 6 . . Explosions . | . . . . Melee . | . . . . Knockbacks 9 | . . . 9 Impact . | . . . . Kinetic 9 | . . . 9 Secondary . | . . . . Self-Inflicted Damage 1 | . . . 1 Shots . | . . . . Rammed 8 | . . 6 2 Targets Rammed 8 | . . 6 2 Kicked . | . . . . Crushed . | . . . . Highest Temperature 336 | 120 336 108 19 Average Temperature 59 | 48 71 45 5 Received Heat Transfer 318 | . 12 . 306 Effects 1 | . 1 . . Energy Bleed 1 | . 1 . . Siege Activations . | . . . . Martial Activations . | . . . . Shielding Activations . | . . . . Robots Disrupted . | . . . . Combat Hostiles . | . . . . Robots Corrupted . | . . . . Combat Hostiles . | . . . . Parts Fried . | . . . . Impact Corruptions . | . . . . Robots Melted . | . . . . Combat Hostiles . | . . . . Parts Melted 5 | 3 2 . . Heat Transferred 4645 | 718 2098 296 1533 Parts Sabotaged . | . . . . Parts Stolen . | . . . . Parts Stripped . | . . . . Power Chain Reactions . | . . . . Alert | -11 -10 -10 -10 ------- Run | Yrd Mat Min Sub Maximum Alert Level . | . . . . Low Security (%) 100 | 100 100 100 . Level 1 . | . . . . Level 2 . | . . . . Level 3 . | . . . . Level 4 . | . . . . Level 5 . | . . . . High Security . | . . . . Max Security . | . . . . Peak Influence 94 | 10 94 57 . Initial . | . . . . Average 9 | 1 13 6 . Influence Increases 797 | 40 399 218 140 Destroy 0b10 Robot/C 400 | . 160 160 80 Destroy 0b10 Robot/NC 130 | 40 90 . . Destroy Leader 80 | . 40 40 . Allied During Kill 3 | . . 3 . Successful Hack 10 | . 10 . . Disable Machine 8 | . 8 . . Destroy Structure 1 | . 1 . . Lose Combat Pursuer 165 | . 90 15 60 Influence Decreases 797 | 40 399 218 140 Time Decay 777 | 40 399 198 140 Lost Ally 20 | . . 20 . Squads Dispatched . | . . . . Investigation . | . . . . Extermination . | . . . . Reinforcement . | . . . . Assault . | . . . . Garrison . | . . . . Intercept . | . . . . Searches Triggered . | . . . . Construction Impeded . | . . . . Haulers Reinforced . | . . . . Active Scanning Responses . | . . . . Cargo Convoy Interrupts . | . . . . Stealth | -11 -10 -10 -10 --------- Run | Yrd Mat Min Sub Distress Signals 2 | . 2 . . Communications Jammed . | . . . . Distress Signals . | . . . . Times Spotted 49 | . 16 8 25 Peak Tracking Total 6 | . 3 2 6 Tactical Retreats 8 | . 4 1 3 Traps | -11 -10 -10 -10 ------- Run | Yrd Mat Min Sub Traps Triggered 4 | . 3 . 1 Indirectly . | . . . . Trap Hack Attempts . | . . . . Triggered . | . . . . Disarmed . | . . . . Reprogrammed . | . . . . Reused . | . . . . Traps Extracted . | . . . . Installed . | . . . . Triggered . | . . . . Machines | -11 -10 -10 -10 ---------- Run | Yrd Mat Min Sub Machines Disabled 4 | . 2 . 2 Max in Single Turn 1 | . 1 . 1 Machines Repaired . | . . . . Machines Dismantled . | . . . . Machines Sabotaged . | . . . . Overloaded Fab Kills . | . . . . Hacking | -11 -10 -10 -10 --------- Run | Yrd Mat Min Sub Machines Accessed 8 | . 6 . 2 Terminals 6 | . 6 . . Fabricators . | . . . . Repair Stations . | . . . . Recycling Units . | . . . . Scanalyzers . | . . . . Garrison Access . | . . . . Total Hacks 16 | . 9 . 7 Successful 14 | . 7 . 7 Failed 2 | . 2 . . Catastrophic . | . . . . Database Lockouts . | . . . . Manual 8 | . 8 . . Terminals 9 | . 9 . . Fabricators . | . . . . Repair Stations . | . . . . Recycling Units . | . . . . Scanalyzers . | . . . . Garrison Access . | . . . . Terminal Hacks 8 | . 1 . 7 Record 6 | . . . 6 Robot Analysis 1 | . 1 . . Proto ID Catalog 1 | . . . 1 Fabricator Hacks . | . . . . Repair Station Hacks . | . . . . Recycling Unit Hacks . | . . . . Scanalyzer . | . . . . Garrison Access Hacks . | . . . . Unauthorized Hacks 6 | . 6 . . Terminals 6 | . 6 . . Botnet 6 | . 6 . . Fabricators . | . . . . Repair Stations . | . . . . Recycling Units . | . . . . Scanalyzers . | . . . . Garrison Access . | . . . . Data Cores Recovered . | . . . . Used . | . . . . Hacking Detections 4 | . 4 . . Full Trace Events . | . . . . Feedback Events . | . . . . Feedback Blocked . | . . . . Robot Schematics Acquired . | . . . . Robots Built . | . . . . Authchips . | . . . . Time . | . . . . Total Robot Build Rating . | . . . . Part Schematics Acquired . | . . . . Parts Built . | . . . . Authchips . | . . . . Time . | . . . . Total Part Build Rating . | . . . . Part Studies Acquired . | . . . . Parts Repaired . | . . . . Time . | . . . . Parts Recycled . | . . . . Recycled Matter . | . . . . Retrieved Matter . | . . . . Retrieved Components . | . . . . Parts Scanalyzed . | . . . . Part Schematics Acquired . | . . . . Parts Damaged . | . . . . Bothacking | -11 -10 -10 -10 ------------ Run | Yrd Mat Min Sub Used RIF Installer . | . . . . Robots Hacked . | . . . . Non-combat . | . . . . Combat . | . . . . Robot Hacks Applied . | . . . . Relay Couplers Released . | . . . . Fabnet Peak Effective % . | . . . . Robots Rewired . | . . . . Allies Hacked . | . . . . Hacks Repelled . | . . . . Allies | -11 -10 -10 -10 -------- Run | Yrd Mat Min Sub Total Allies 3 | . . 3 . Largest Group 3 | . . 3 2 Highest-Rated Group 40 | . . 40 24 Highest-Rated Ally 16 | . . 16 16 Total Orders . | . . . . Ally Attacks 16 | . . 7 9 Total Damage 122 | . . 64 58 Kills 2 | . . 1 1 Allies Corrupted . | . . . . Allies Melted . | . . . . Intel | -11 -10 -10 -10 ------- Run | Yrd Mat Min Sub Active Infowar (turns) 6062 | . 905 1060 4097 Terrain 6062 | . 905 1060 4097 Robot Analysis Total 1 | . 1 . . Derelict Logs Recovered 3 | . . . 3 Drone Launches . | . . . . Drone Recoveries . | . . . . Exploration | -11 -10 -10 -10 ------------- Run | Yrd Mat Min Sub Turns Passed 6763 | 196 1410 1060 4097 Spaces Moved 2924 | 107 741 625 1451 Core 600 | 23 10 . 567 Treads 2324 | 84 731 625 884 Legs . | . . . . Wheels . | . . . . Hover . | . . . . Flight . | . . . . Fastest Speed 50 | 50 50 160 50 Average Speed 163 | 136 159 160 168 Slowest Speed 250 | 160 160 160 250 Overloaded Moves . | . . . . Propulsion Burnouts . | . . . . Robots Hopped . | . . . . Potential Cave-ins . | . . . . Cave-ins Triggered . | . . . . Exploration Rate (%) 68 | 5 98 94 78 Regions Visited 3 Branch Regions 2 Pre-discovered Areas 3 | . . . 3 Known Exits Taken 3 | 1 1 1 . Unknown Exits Taken . | . . . . Scrap Searched 9 | . . . 9 Spaces Dug . | . . . . Terrain Destroyed 2 | . . . 2 Melee . | . . . . Projectile 2 | . . . 2 AOE . | . . . . Terrain Rammed . | . . . . Walls Destroyed . | . . . . Machines Disabled . | . . . . Actions | -11 -10 -10 -10 --------- Run | Yrd Mat Min Sub Total 4630 | 133 880 664 2953 Wait 1483 | . 58 23 1402 Move 2921 | 106 740 624 1451 Hop . | . . . . Pick Up 21 | 8 10 . 3 Fast Attach 13 | 1 7 . 5 Attach 10 | 5 5 . . Detach 1 | 1 . . . Swap 10 | . 6 1 3 Drop 15 | . 8 1 6 Fire 148 | 12 46 9 81 Melee . | . . . . Ram 2 | . . . 2 Kick . | . . . . Crush 6 | . . 6 . Escape Stasis . | . . . . Rewire . | . . . . Trap . | . . . . Miscellaneous . | . . . . Route ------- -11/Scrapyard -10/Materials (discovered 4 exits: *Mat x3 / *Min) -10/Mines (discovered 3 exits: *Mat x2 / *Sub) -10/Subcaves (discovered 4 exits: *Mat x2 / *Rec / [*Scr]) History --------- Turn | Location | Event 31 | -11/Scrapyard | Identified exit to Materials 31 | -11/Scrapyard | Discovered exit to Materials (range 15) 197 | -11/Scrapyard | Entered Materials 197 | -10/Materials | Evolved 1 slot: Utility x1 312 | -10/Materials | Build established: Hacker-Mutant 325 | -10/Materials | Identified exit to Materials 325 | -10/Materials | Discovered exit to Materials (range 16) 551 | -10/Materials | Discovered exit to Materials (range 16) 788 | -10/Materials | Identified exit to Mines 788 | -10/Materials | Discovered exit to Mines (range 9) 1029 | -10/Materials | Discovered exit to Materials (range 6) 1607 | -10/Materials | Entered Mines 1707 | -10/Mines | Discovered exit to Materials (range 15) 1816 | -10/Mines | Assisted by bots powering up and referring to "LRC-V3" 1863 | -10/Mines | Discovered exit to Materials (range 15) 2190 | -10/Mines | A weapon hastily lodged in a ceiling crevice suddenly fell to the ground 2263 | -10/Mines | Identified exit to Subcaves 2263 | -10/Mines | Discovered exit to Subcaves (range 8) 2667 | -10/Mines | Entered Subcaves 2667 | -10/Subcaves | Accompanied by 2 allies 2668 | -10/Subcaves | Approached by a straggling Scientist 2711 | -10/Subcaves | Disturbed a concealed Subdweller 2812 | -10/Subcaves | Identified exit to Materials 2812 | -10/Subcaves | Discovered exit to Materials (range 8) 3146 | -10/Subcaves | Discovered exit to Materials (range 14) 3186 | -10/Subcaves | Shifting Twisted Machinery released Shrapnel Trap 3193 | -10/Subcaves | Scientist uncovered a shortcut to Scraptown 3237 | -10/Subcaves | Shifting Twisted Machinery released Sub. Machine Gun 3249 | -10/Subcaves | Identified exit to Recycling 3249 | -10/Subcaves | Discovered exit to Recycling (range 15) 3280 | -10/Subcaves | Visited Clippyterm 3285 | -10/Subcaves | Learned location of Extension (-6) 3285 | -10/Subcaves | Learned Research machine intel 3395 | -10/Subcaves | Visited 4L-MR0's lab 3410 | -10/Subcaves | Found Tower Shield 3975 | -10/Subcaves | A swath of the cavern ceiling suddenly collapsed 4484 | -10/Subcaves | A swath of the cavern ceiling suddenly collapsed 5102 | -10/Subcaves | Learned location of Zion (-6) 5299 | -10/Subcaves | Shifting Twisted Machinery released Sub. Shrapnel Launcher 5549 | -10/Subcaves | Shifting Twisted Machinery released Sub. Machine Gun 5614 | -10/Subcaves | Lost 4 parts (1p1n2w) 5627 | -10/Subcaves | Core integrity fell below 50% 5679 | -10/Subcaves | Shifting Twisted Machinery released Shrapnel Trap 5741 | -10/Subcaves | Disturbed a concealed Subdweller 6639 | -10/Subcaves | Shifting Twisted Machinery released Spk. Treads 6756 | -10/Subcaves | Core integrity fell below 20% 6764 | -10/Subcaves | Destroyed by DE-CMJ(R) with Subdweller Beam Cannon Last Messages --------------- to Scrap Shield. 06389_ HR-114(R) suffers critical hit (Destroy). 06400_ Ion Engine destroyed. 06407_ HR-114(R) affixes Scrap Shield Fragment to Scrap Shield. 06407_ HR-114(R) destroyed. 06413_ Acquired 19 matter. 06453_ Subatomizers dissect the Sub. Power Source. 06490_ Acquired Lgt. Nuclear Core. 06555_ Subatomizers dissect the Disposable Heat Sink. 06584_ Y-45 Defender destroyed. 06614_ Acquired 14 matter. 06619_ Acquired Imp. Ion Engine. Spk. Treads falls loose from the Twisted Machinery. 06662_ Acquired Spk. Treads. 06753_ Critical hit (Destroy). 06753_ Sub. Laser destroyed. Map ----- +----------------------------------------------------+ | ############?### ########????????????????? | | ################?? ####????????????????????? | | ###########?####??#?????#??????????????????? | | ###?############?###?#?????????????????????? | | ##########?#??#???#??#?#???????????????????? | | ############?##?#??????????????????????????? | | #####?####?#??#????#???????????????????????? | | #########?#????#???#???????????????????????? | | ?#####?###??#?#??#???????#?????????????????? | | ##???#???????#??????????#?????#????????????? | | ###?##?#??#???#???????#??#?#???????????????? | | #?#?#???????????#??????#?"#??#???#?????????? | | #???????????????#???##### ?????##??????????? | | ???#????#??????#?#???"??## ?#???###????????? | | ?##????##??????### ?"? ##?????##?#??##?????? | | ???###????#?###?## "?""##?? #??##?##??????? | | ##?#??#?#???####?# ""??""?###?#?#????????? | | ##???#?#????#?##?# ? ?????#?##?##?#?#????? | | #????#?????#?????## ?? ? ? ###????#??#????? | | ######?#??#???#???# ? ?#?#?##?##???#??? | | ##????#######??# ##? #???###???#????? | | ####???##???####?# ##? ????#??#??#?#?#? | | ##?##???????##???#" ???# ?#?#?#??#???#??? | | ##???########?##?## #### ?####?##?###??? | | ##??#???##?#????#??# # ####?##?#?##??##?? | | ##??#??####??##??#?# R@ ##?##?#???????? | | ###?#####?##?#????# R ###??#??#?###??? | | ####?######??#??# ## #??######??#???? | | # #??#?#?####??### #### ##??#???##?##??? | | # #######?###?#### #### #####??##?????? | | # ############### ### #??#??#?###???? | | ############ # ## ### ###?#????##???? | | #####?## ## #??#########??? | | #######?#### # ####?#??##????? | | ############ ?### #?#??##???#???? | | ########### ###### #?###?#?##?#??? | | ########### ##### #?#?#?##??????? | | ########## ##### ####?##??##???? | | ####### # ##?##?##??#????? | | ### ## ##?#####????????? | | # # ## * #######???#?#????? | | # %[ #######?##?#??????? | | # ##### ########????#?????? | | ############## # ##???##?##?#????? | | ## "## ## ## #### ####???????????? | | %& "# ##????##??????? | | %! """ #######??####????? | | &""]"## ### ##?######??###????? | | ## " ""##" #### ########?##???????? | | ## " "#### ## #?????#????????? | +----------------------------------------------------+ Best States ------------- Heat Dissipation 25 Energy Generation 14 Energy Capacity 265 Matter Stores 300 Matter Capacity 300 Sight Range 16 Terrain Scan Range 16 Terrain Scan Density 160 Resistance: KI 35 Resistance: TH 35 Resistance: EX 35 Resistance: EM 35 Resistance: I 35 Resistance: S 35 Resistance: P 35 Evasion (%) 50 Recoil Reduction 2 Offensive Hacking 20 Item Schematics ----------------- None Robot Schematics ------------------ None Fabricated ------------ Nothing Repaired ---------- Nothing Studied --------- None Alien Tech Used ----------------- None Achievements -------------- None Challenges ------------ None Game ------ Seed ThrusterProjectionMegashotty Manual? 0 Play Time 00:22:26 Cumulative 164.8 hours Start 2025.12.04 @ 08:53:35 End 2025.12.04 @ 09:16:06 Sessions 1 Manual Loads 0 Difficulty Explorer Special Mode None Game No. 221 Rogue 0 Adventurer 0 Explorer 221 Win Type - Total 0 Types 0/0/0/0/0/0/0/0/0/0 Lore% 70 Gallery% 66 Achievement% 52 Wizard Run 0 Options --------- Layout 1 ASCII 0 Keyboard 0 Movement Mouse Keybinds 0 Fullscreen 1 Font 24/Smallcaps Map View 50x35 Zoom Use 0% Tactical HUD 1 Map Filters NONE Filters NONE Steam 1 RUN: 80b05cd1-a06d-41fb-9663-6d1620d41cc5